 Dungeon Crawl Stone Soup version 0.23-a0-436-g57debff (webtiles) character file.

1646 Lavandula the Grappler (level 8, -3/50 HPs)
             Began as an Octopode Hunter on Nov 16, 2018.
             Slain by an orc priest
             ... wielding a +0 hand axe
              (5 damage)
             ... on level 7 of the Dungeon.
             The game lasted 00:16:32 (3497 turns).

Lavandula the Grappler (Octopode Hunter)            Turns: 3497, Time: 00:16:33

Health: -3/50      AC:  1    Str: 14    XL:     8   Next: 99%
Magic:  11/11      EV: 16    Int: 18    God:
Gold:   168        SH:  0    Dex: 12    Spells: 9/11 levels left

rFire    . . .     SeeInvis .     - Unarmed
rCold    + . .     Gourm    .   (no shield)
rNeg     . . .     Faith    .   (helmet restricted)
rPois    .         Spirit   .   (no amulet)
rElec    .         Reflect  .   i - ring of protection from cold (curse)
rCorr    .         Harm     .   m - ring of protection from magic
MR       +....     Rnd*Tele +   p - ring of teleportation (curse)
Stlth    +++.......             (no ring)
HPRegen  0.16/turn              (no ring)
MPRegen  0.12/turn              (no ring)
                                (no ring)
                                (no ring)

@: brilliant, about to teleport
A: almost no armour, stealthy swim, amphibious, 8 rings, constrict 8, camouflage
1, gelatinous body 1
a: no special abilities


You were on level 7 of the Dungeon.
You were hungry.

You visited 1 branch of the dungeon, and saw 7 of its levels.
You also visited: Sewer.

You collected 168 gold pieces.

Inventory:

Hand Weapons
 f - a +0 blowgun
Missiles
 b - 6 curare-tipped needles
 c - 2 throwing nets (quivered)
 l - 44 sling bullets
 r - 8 tomahawks
Jewellery
 i - a cursed ring of protection from cold (left tentacle)
 m - a ring of protection from magic (right tentacle)
 p - a cursed ring of teleportation (on tentacle)
Scrolls
 a - a scroll of remove curse {unknown}
 e - 2 scrolls of identify {unknown}
 g - 2 scrolls of teleportation
 h - a scroll of noise {unknown}
 j - 2 scrolls of fear {unknown}
 k - a scroll of blinking {unknown}
 n - 3 scrolls of amnesia {unknown}
 q - a scroll of magic mapping {unknown}
 s - a scroll of enchant armour {unknown}
Potions
 o - a potion of heal wounds {unknown}
 w - a potion of lignification
Comestibles
 d - 5 rations


   Skills:
 - Level 2.0 Fighting
 - Level 4.0 Throwing
 - Level 5.8 Dodging
 - Level 1.3 Stealth
 - Level 8.5 Unarmed Combat
 + Level 2.1 Spellcasting
 - Level 2.9 Hexes


You had 9 spell levels left.
You knew the following spells:

 Your Spells              Type           Power        Failure   Level  Hunger
a - Confusing Touch       Hex            ###...       1%          1    #......
g - Apportation           Tloc           ##....       2%          1    #......

Your spell library contained the following spells:

 Spells                   Type           Power        Failure   Level  Hunger
 Animate Skeleton         Necr           N/A          2%          1    #......
 Summon Small Mammal      Summ           ##..         2%          1    #......


Dungeon Overview and Level Annotations

Branches:
Dungeon (7/15)
 Temple: D:4-7

Altars:

Annotations:
D:5 5 runed doors


Innate Abilities, Weirdness & Mutations

You cannot wear most types of armour.
You are very stealthy in the water. (Stealth+)
You are amphibious.
You can wear up to eight rings at the same time.
You can use your tentacles to constrict eight enemies at once.
Your skin changes colour to match your surroundings (Stealth+).
Your rubbery body absorbs attacks. (AC +1, EV +1)


Message History

You are suddenly yanked towards some nearby monsters!
Your surroundings suddenly seem different.
An orc comes into view. It is wielding a +0 club.
An orc comes into view. It is wielding a +0 flail.
Found a stone staircase leading down.
Unknown command.
Okay, then.
As you read the scroll of teleportation, it crumbles to dust.
You feel strangely unstable.
The orc shouts! x3; The orc priest shouts!
You bludgeon the orc priest! You grab the orc priest.
The orc priest is heavily wounded.
You constrict the orc priest. The orc hits you with a +0 club.
* * * LOW HITPOINT WARNING * * *
The orc priest misses you. x2
It was a potion of magic.
Magic courses through your body.
You constrict the orc priest. The orc closely misses you.
The orc priest closely misses you.
The orc priest hits you with a +0 hand axe.
You die...

##########
#........#
#........#
.......<# #.oo#
#..##..##
###...####.o####
#........oo@.#
#........oo..#
#....?..>....#
#.....##....##
#.....#######
#......#
###...## #
#....# #.#....#


You could see 2 orc priests and 3 orcs.

Vanquished Creatures
  Grinder (D:4)
  A hippogriff (D:7)
  2 phantoms
  An ogre (D:6)
  A big kobold (D:7)
  2 bullfrogs (Sewer)
  A crimson imp (D:7)
  A quasit (D:6)
  A jelly (D:5)
  2 hounds (D:4)
  5 orc priests
  2 centaur skeletons
  5 worker ants
  A worker ant zombie (D:6)
  17 adders
  A shadow imp (D:6)
  7 oozes (Sewer)
  A worm (D:4)
  A dart slug (D:1)
  11 leopard geckos (Sewer)
  6 orcs
  15 ball pythons
  20 giant cockroaches
  A goblin (D:3)
  2 hobgoblins
  6 jackals
  8 kobolds
  3 quokkas
  A ball python skeleton (D:6)
  5 bats
  21 frilled lizards
  A rat (D:3)
153 creatures vanquished.

Notes
Turn   | Place    | Note
-------+----------+-------------------------------------------
     0 | D:1      | Lavandula the Octopode Hunter began the quest for the Orb.
     0 | D:1      | Reached XP level 1. HP: 14/14 MP: 1/1
    50 | D:1      | Reached skill level 1 in Unarmed Combat
    54 | D:1      | Reached XP level 2. HP: 12/19 MP: 2/2
    97 | D:1      | Reached skill level 2 in Unarmed Combat
   241 | D:3      | Found a glowing drain.
   257 | D:3      | Reached XP level 3. HP: 24/24 MP: 3/3
   273 | D:3      | Reached skill level 3 in Unarmed Combat
   298 | D:3      | HP: 1/24 [poisoned by an adder]
   431 | Sewer    | Entered a sewer
   460 | Sewer    | Reached XP level 4. HP: 14/29 MP: 4/4
   483 | Sewer    | Reached skill level 4 in Unarmed Combat
   864 | Sewer    | Reached XP level 5. HP: 12/34 MP: 5/5
  1178 | Sewer    | Reached skill level 5 in Unarmed Combat
  1178 | Sewer    | Reached XP level 6. HP: 32/39 MP: 6/6
  1299 | D:3      | Reached skill level 6 in Unarmed Combat
  1538 | D:5      | Entered Level 5 of the Dungeon
  1913 | D:4      | Reached XP level 7. HP: 36/45 MP: 7/7
  1925 | D:4      | Reached skill level 7 in Unarmed Combat
  1987 | D:4      | HP: 2/45 [phantom (6)]
  2330 | D:4      | Noticed Grinder
  2354 | D:4      | Killed Grinder
  2354 | D:4      | Reached skill level 8 in Unarmed Combat
  2354 | D:4      | Reached XP level 8. HP: 44/50 MP: 8/8
  2599 | D:6      | Reached skill level 5 in Dodging
  2774 | D:5      | Found the +9 staff of Olgreb {rPois}
  2789 | D:5      | Found a runed gate.
  2790 | D:5      | Found a runed door.
  2800 | D:5      | Found a runed gate.
  2800 | D:5      | Found a runed gate.
  2808 | D:5      | Found a runed door.
  3263 | D:6      | Learned a level 1 spell: Confusing Touch
  3265 | D:6      | Learned a level 1 spell: Apportation
  3289 | D:7      | Noticed a hippogriff
  3297 | D:7      | Killed a hippogriff
  3461 | D:7      | Reached skill level 1 in Spellcasting
  3471 | D:7      | HP: 2/50 [big kobold (6)]
  3496 | D:7      | HP: 2/50 [orc/+0 club (5)]
  3497 | D:7      | Slain by an orc priest

Vault maps used:
D:1:      roderic_crossed_star, minmay_misc_feat_secret_circle
D:2:      lemuel_round_altar, chequers_big_river
D:3:      gup_sewer_entry_glass, first_ration
D:4:      uniq_grinder
D:5:      minmay_guarded_unrand_staff_of_olgreb
D:6:      minmay_temple_entry_poolview
D:7:      gammafunk_ghost_grave, the_bakery, uniq_crazy_yiuf_cottage
Sewer:    sewer_frog_island_02

Skill      XL: |  1  2  3  4  5  6  7  8 |
---------------+-------------------------+-----
Unarmed Combat | 1 2 3 4 5 6 8 |  8.5
Dodging        | 5 |  5.8
Hexes          | 2 |  2.9
Spellcasting   | 2 |  2.1
Fighting       | |  2.0
Throwing       | |  4.0
Stealth        | |  1.3

Action                   |  1- 3 |  4- 6 |  7- 9 || total
-------------------------+-------+-------+-------++-------
Melee: Unarmed           |    51 |   126 |   107 ||   284
       Constrict         |    15 |    27 |    18 ||    60
       Tentacles         |     6 |    26 |    15 ||    47
       Punch             |     2 |     3 |     7 ||    12
Throw: Javelin           |     6 |    60 |    51 ||   117
 Cast: Confusing Touch   |       |       |     1 ||     1
  Use: Scroll            |     1 |       |     1 ||     2
       Potion            |     2 |     2 |     3 ||     7
 Stab: Sleeping          |     3 |     2 |       ||     5
       Distracted        |       |       |     1 ||     1
  Eat: Chunk             |       |     3 |     5 ||     8
Armor: Skin              |     3 |       |     1 ||     4
Dodge: Dodged            |    37 |    65 |    63 ||   165

Table legend:
 A = Non-vault XP
 B = Vault XP
 C = Vault XP percentage of total XP
 D = Non-vault monster count
 E = Vault monster count
 F = Vault count percentage of total count
                 A         B        C        D         E       F
            +---------+---------+-------+---------+---------+-------
      Total |    1629 |     723 |  30.7 |      77 |      76 |  49.7
            +---------+---------+-------+---------+---------+-------
        D:1 |      24 |       0 |   0.0 |      13 |       0 |   0.0
        D:2 |       5 |       0 |   0.0 |       3 |       0 |   0.0
        D:3 |      43 |      34 |  44.2 |      12 |       6 |  33.3
        D:4 |     446 |     286 |  39.1 |      18 |       1 |   5.3
        D:5 |     349 |       0 |   0.0 |      11 |       0 |   0.0
        D:6 |     277 |       0 |   0.0 |       9 |       0 |   0.0
        D:7 |     485 |       0 |   0.0 |      11 |       0 |   0.0
      Sewer |       0 |     403 | 100.0 |       0 |      69 | 100.0
            +---------+---------+-------+---------+---------+-------
